 Dungeon Crawl Stone Soup version 0.30-a0-622-gddc90eaa04 (webtiles) character file.

Game seed: 12887499044524807757

113 flotson the Sneak (level 4, -1/35 HPs)
             Began as a Demonspawn Delver on Jan 11, 2023.
             Slain by an ogre
             ... wielding a +0 giant club
              (24 damage)
             ... on level 3 of the Dungeon.
             The game lasted 00:03:13 (2065 turns).

flotson the Sneak (Demonspawn Delver)               Turns: 2065, Time: 00:03:13

Health: -1/35      AC:  9    Str: 15    XL:     4   Next: 65%
Magic:  4/4        EV: 10    Int: 11    God:
Gold:   135        SH:  0    Dex: 14    Spells: 3/3 levels left

rFire   + . .      SeeInvis .    b - +0 flail (heavy)
rCold   + . .      Faith    .    (no shield)
rNeg    . . .      Spirit   .    i - +0 scale mail
rPois   .          Reflect  .    (no helmet)
rElec   .          Harm     .    m - scarf {rC+ rF+}
rCorr   .          Rampage  .    (no gloves)
Will    .....                    (no boots)
Stlth   +                        (no amulet)
HPRegen 0.25/turn                (no ring)
MPRegen 0.09/turn                (no ring)

@: no status effects
A: slimy green scales 2, ignite blood 1
a: no special abilities


You were on level 3 of the Dungeon.
You visited 1 branch of the dungeon, and saw 5 of its levels.

You collected 135 gold pieces.

Inventory:

Hand Weapons
 b - a +0 heavy flail (weapon)
Missiles
 j - 3 poisoned darts (quivered)
Armour
 i - a +0 scale mail (worn)
 m - a scarf of resistance (worn)
Wands
 g - a wand of digging (3)
Scrolls
 a - 2 scrolls of identify {unknown}
 c - 2 scrolls of fog
 d - a scroll of silence {unknown}
 q - a scroll of teleportation {unknown}
Potions
 e - a potion of cancellation {unknown}
 f - 3 potions of might {unknown}
 h - 3 potions of curing {unknown}
 k - 3 potions of attraction {unknown}
 l - a potion of flight {unknown}
 n - 2 potions of degeneration {unknown}
 o - a potion of invisibility {unknown}
 p - a potion of berserk rage {unknown}


   Skills:
 + Level 3.4 Fighting
 - Level 2.0 Axes
 + Level 0.4 Throwing
 + Level 1.4 Armour
 + Level 2.5 Dodging
 + Level 4.9 Stealth
 + Level 1.6 Evocations


You had 3 spell levels left.
You didn't know any spells.
Your spell library contained the following spells:

 Spells                   Type           Power      Damage    Failure   Level
 Summon Small Mammal      Summ           0%         N/A       80%         1
 Call Canine Familiar     Summ           0%         N/A       99%         3
 Summon Guardian Golem    Hex/Summ       0%         N/A       99%         3


Dungeon Overview and Level Annotations

Branches:
Dungeon (5/15)             Temple (0/1) D:4

Altars:
Makhleb

Shops:
D:3 [

Annotations:
D:4 Dowan, Duvessa, Pikel


Innate Abilities, Weirdness & Mutations

You are mostly covered in slimy green scales. (AC +3)
Your demonic aura sometimes causes spilled blood to erupt in flames.


Message History

You open the door.
A bat and a ball python come into view.
The ball python hisses angrily.
The ball python moves out of view.
Found a scroll labelled IRPHIU RITIE.
No reachable target in view!
Found a viscous red potion.
There is an open door here.
An ogre comes into view. It is wielding a +0 giant club.
The ogre shouts!
The bat closely misses you.
The ball python bites you but does no damage.
The ball python grabs you. The ball python constricts you.
You barely miss the ball python. The bat barely misses you.
The ball python bites you but does no damage.
The ball python constricts you. The ball python closely misses you.
The ball python constricts you. The bat hits you but does no damage.
The ball python bites you but does no damage.
The ball python constricts you.
You barely miss the ball python. You punch the ball python.
The ball python is severely wounded.
The bat hits you but does no damage. The bat barely misses you.
The bat hits you but does no damage.
A bat comes into view.
The ball python bites you. The ball python constricts you.
The bat hits you but does no damage.
The ball python bites you but does no damage.
The ball python constricts you.
You bludgeon the ball python!!
You kill the ball python!
The bat barely misses you. The bat hits you but does no damage.
The ogre hits you with a +0 giant club!
You hit the ogre.
The ogre is lightly wounded.
The bat hits you but does no damage. The bat barely misses you.
The bat hits you but does no damage. x2
The ogre is engulfed in blazing flames.
The ogre hits you with a +0 giant club!!
Ouch! That really hurt!
You die...

#.##.⌠.⌠#.........[............
#.....∩...####################.
######⌠.⌠#.##### #.
#......>........ ###### ##.
##.#####....######...... #..
...............##....... #..
##.#######.....#........ #..
.#.# ##...<#.....≈.. #..
...########....'@Ob.≈.§≈ ###
#..#...........#.?..§.!. #
##.(.######....#b...≈.≈. #.
.##..## #......#....≈... #..
..##..# #.#...###...≈§§§ +...
...##.###.#.#...#.....§≈ #...
#...#.....#.###.##....§§ ##..
##.⌠'.....#.####.##..... #.
.##.#..##.#.......# ..


You could see an ogre and 2 bats.

Vanquished Creatures
  2 hounds (D:5)
  An adder (D:2)
  A dart slug (D:4)
  2 endoplasms
  4 goblins
  3 hobgoblins
  4 jackals (D:3)
  7 kobolds
  2 quokkas
  5 ball pythons
  3 bats
  3 frilled lizards
  2 rats
39 creatures vanquished.

Notes
Turn   | Place    | Note
-------+----------+-------------------------------------------
     0 | D:5      | flotson the Demonspawn Delver began the quest for the Orb.
     0 | D:5      | Reached XP level 1. HP: 18/18 MP: 1/1
    40 | D:5      | Noticed a hound
    59 | D:5      | Killed a hound
    60 | D:5      | Gained mutation: You are partially covered in slimy green
                  | scales. (AC +2) [demonic ancestry]
    60 | D:5      | Reached XP level 2. HP: 8/24 MP: 2/2
    60 | D:5      | Gained mutation: Your demonic aura sometimes causes spilled
                  | blood to erupt in flames. [demonic ancestry]
    60 | D:5      | Reached XP level 3. HP: 9/29 MP: 3/3
   195 | D:4      | Noticed Pikel
   197 | D:4      | Noticed a lemure
   198 | D:4      | Noticed a lemure
   199 | D:4      | Noticed a lemure
   239 | D:5      | Reached skill level 1 in Armour
   239 | D:5      | Reached skill level 1 in Evocations
   252 | D:4      | Noticed Duvessa
   252 | D:4      | Noticed Dowan
   252 | D:4      | Noticed a scorpion
   484 | D:1      | Gained mutation: You are mostly covered in slimy green
                  | scales. (AC +3) [demonic ancestry]
   484 | D:1      | Reached XP level 4. HP: 35/35 MP: 4/4
  1856 | D:3      | Found Jirez's Antique Armour Boutique.
  2061 | D:3      | Noticed an ogre
  2065 | D:3      | Slain by an ogre

Illustrated notes

Levels and vault maps discovered:
D:1:      kilobyte_arrival_exit_the_forest, layout_basic
D:2:      layout_basic, kennysheep_generic_room_16
D:3:      minmay_chambers_of_twos, layout_basic, ebering_ghost_rock_garden,
          serial_shops, shop_fountains, grunt_decor_arrowhead, kennysheep_potato
D:4:      layout_rooms, minmay_temple_entry_tees, kennysheep_orc_chapel,
          uniq_pikel, uniq_menkaure, uniq_duvessa
D:5:      layout_gridville, mainiacjoe_overflow_cross_hatched

Skill      XL: |  1  2  3 |
---------------+----------+-----
Axes           | 2 |  2.0
Dodging        | 2 |  2.5
Armour         | 1 |  1.4
Evocations     | 1 |  1.6
Fighting       | |  3.4
Throwing       | |  0.4
Stealth        | |  4.9

Action                   |  1- 3 |  4- 6 || total
-------------------------+-------+-------++-------
Melee: Hand axe          |    30 |       ||    30
       Punch             |     1 |     1 ||     2
       Flail             |     4 |    86 ||    90
  Use: Potion            |     1 |       ||     1
       Scroll            |     2 |       ||     2
 Stab: Sleeping          |     1 |     4 ||     5
Armor: Leather armour    |     5 |       ||     5
       Scale mail        |     5 |    78 ||    83
Dodge: Dodged            |    19 |    73 ||    92

Table legend: (Time is in decaauts)
 A = Elapsed time spent in this place.
 B = Non-inter-level travel time spent in this place.
 C = Inter-level travel time spent in this place.
 D = Time resting spent in this place.
 E = Time spent auto-exploring this place.
 F = Levels seen in this place.
 G = Mean time per level.
                   A        B        C        D        E       F      G
               +--------+--------+--------+--------+--------+-----+--------+
         Total |   2155 |   2093 |     62 |      7 |   1616 |   5 |  431.0 |
       Dungeon |   2155 |   2093 |     62 |      7 |   1616 |   5 |  431.0 |
               +--------+--------+--------+--------+--------+-----+--------+

Top non-repeatable levels by time:
     D:1: 851 daAuts
     D:2: 584 daAuts
     D:3: 459 daAuts
     D:5: 208 daAuts
     D:4: 51 daAuts
